 Dungeon Crawl Stone Soup version 0.25-a0-458-g6fc7858b95 (webtiles) character file.

Game seed: 9634672677484331250, levelgen mode: deterministic

11220 Eurus the Thaumaturge (level 11, -15/78 HPs)
             Began as a Mummy Conjurer on Feb 2, 2020.
             Was a Follower of Ashenzari.
             Hit by a large rock thrown by a cyclops (41 damage)
             ... on level 11 of the Dungeon.
             The game lasted 00:43:42 (14824 turns).

Eurus the Thaumaturge (Mummy Conjurer)             Turns: 14824, Time: 00:43:42

Health: -15/78     AC: 13    Str: 11    XL:     11   Next: 46%
Magic:  26/26      EV: 11    Int: 19    God:    Ashenzari [*.....]
Gold:   481        SH:  0    Dex: 12    Spells: 25/32 levels left

rFire    x . .     SeeInvis .   v - +3 quarterstaff (chaos) (curse)
rCold    + . .     Gourm    .   (shield currently unavailable)
rNeg     + + +     Faith    .   b - +3 leather armour
rPois    ∞         Spirit   .   s - +2 helmet
rElec    .         Reflect  .   g - +2 cloak
rCorr    +         Harm     .   (no gloves)
MR       +....                  z - +0 pair of boots
Stlth    +.........             (no amulet)
HPRegen  0.23/turn              j - ring of resist corrosion
MPRegen  0.20/turn              (no ring)

@: no status effects
A: no food or potions, fire vulnerability, cold resistance 1, negative energy
resistance 3, torment resistance, unbreathing
a: Curse Item, Scrying, Renounce Religion


You were on level 11 of the Dungeon.
You worshipped Ashenzari.
Ashenzari was aware of your devotion.
You were not hungry.

You visited 2 branches of the dungeon, and saw 12 of its levels.
You also visited: Sewer.

You collected 481 gold pieces.

Inventory:

Hand Weapons
 h - a +1 short sword
 v - a cursed +3 quarterstaff of chaos (weapon)
Armour
 a - a +0 robe
 b - a +3 leather armour (worn)
 d - a +3 buckler
 g - a +2 cloak (worn)
 i - a +0 shield
 s - a +2 helmet (worn)
 z - a +0 pair of boots (worn)
 B - a +0 troll leather armour
 C - +0 acid dragon scales
Jewellery
 j - a ring of resist corrosion (left hand)
 u - an uncursed ring of resist corrosion
Wands
 e - a wand of random effects (19)
 m - a wand of flame (19)
 n - a wand of digging (7)
 q - a wand of scattershot (3)
 t - a wand of iceblast (9)
 w - a wand of paralysis (8)
Scrolls
 c - 3 scrolls of teleportation {unknown}
 f - 5 scrolls of identify
 k - 2 scrolls of amnesia {unknown}
 l - 2 scrolls of enchant weapon
 o - 3 scrolls of fear {unknown}
 p - 7 scrolls of remove curse
 r - 3 scrolls of enchant armour
 x - 2 scrolls of magic mapping
 y - 2 scrolls of blinking
 A - a scroll of noise {unknown}


   Skills:
 + Level 4.7 Fighting
 - Level 7.0 Staves
 - Level 1.5 Dodging
 - Level 1.5 Stealth
 - Level 4.0 Shields
 - Level 11.0 Spellcasting
 + Level 9.1 Conjurations
 + Level 2.8 Translocations
 + Level 3.7 Evocations


You had 25 spell levels left.
You knew the following spells:

 Your Spells              Type           Power        Failure   Level  Hunger
a - Magic Dart            Conj           ####         1%          1    N/A
b - Searing Ray           Conj           #####.       1%          2    N/A
c - Iskenderun's Mystic   Conj/Tloc      ####....     8%          4    N/A

Your spell library contained the following spells:

 Spells                   Type           Power        Failure   Level  Hunger
 Apportation              Tloc           ###...       2%          1    N/A
 Dazzling Flash           Conj/Hex       ####..       4%          3    N/A
 Animate Skeleton         Necr           N/A          9%          1    N/A
 Corona                   Hex            ##.....      9%          1    N/A
 Summon Small Mammal      Summ           ##..         9%          1    N/A
 Call Imp                 Summ           ##......     13%         2    N/A
 Sticks to Snakes         Tmut           ##......     13%         2    N/A
 Fulminant Prism          Conj/Hex       ####......   14%         4    N/A
 Call Canine Familiar     Summ           ##......     26%         3    N/A
 Summon Guardian Golem    Hex/Summ       ##......     26%         3    N/A
 Summon Ice Beast         Ice/Summ       ##......     65%         4    N/A
 Summon Lightning Spire   Summ/Air       ##......     65%         4    N/A
 Beastly Appendage        Tmut           Unusable     N/A         1    N/A
 Spider Form              Tmut/Pois      Unusable     N/A         3    N/A
 Ice Form                 Ice/Tmut       Unusable     N/A         4    N/A
 Blade Hands              Tmut           Unusable     N/A         5    N/A

Dungeon Overview and Level Annotations

Branches:
Dungeon (11/15)            Temple (1/1) D:4            Lair (0/6) D:8
    Orc (0/2) D:10          Sewer (visited)

Altars:
Ashenzari
Cheibriados
Dithmenos
Elyvilon
Fedhas
Gozag
Hepliaklqana
Kikubaaqudgha
Makhleb
Nemelex Xobeh
Okawaru
Qazlal
Ru
Sif Muna
Trog
Uskayaw
Vehumet
Wu Jian
Xom
Yredelemnul
Zin
The Shining One

Shops:
D:5 *   D:6 }

Annotations:
D:4 Sigmund
D:5 2 transporters, kroki's ghost, novice GnFi


Innate Abilities, Weirdness & Mutations

You do not eat or drink.
Your flesh is vulnerable to fire.
You are immune to poison.
Your flesh is cold resistant. (rC+)
You are immune to negative energy. (rN+++)
You are immune to unholy pain and torment.
You can survive without breathing.


Message History

A hippogriff, a troll, a cyclops and a skeleton come into view.
The troll shouts!
The hippogriff screeches!
The cyclops shouts!
The centaur warrior skeleton closely misses you.
The cyclops throws a large rock.
The large rock hits you! The hippogriff barely misses you.
The hippogriff pecks you but does no damage.
The hippogriff closely misses you. The troll bites you!
The troll closely misses you. The troll claws you!
Found a scroll of immolation.
There is a stone staircase leading up here.
You see here a large rock.
The centaur warrior skeleton hits you.
The centaur warrior skeleton hits you but does no damage.
The hippogriff bites you.
The hippogriff pecks you but does no damage.
The hippogriff claws you. The troll bites you!
The troll claws you but does no damage. The troll closely misses you.
The cyclops throws a large rock.
The large rock hits you!!!
Ouch! That really hurt!
You die...

####+####
#.......#
#.≈..C≈.#
#.......#
#..T@Z..#
#...H.?.#
#.≈...≈.#
#.......#
####+####
###..........#


You could see a cyclops, a hippogriff, a troll and a centaur warrior skeleton.

Vanquished Creatures
  Joseph (D:7)
  A gargoyle (D:10)
  A troll (D:10)
  A queen bee (D:9)
  A hornet (D:10)
  Prince Ribbit (D:6)
  A hippogriff (D:10)
  16 yaks
  3 hogs (D:10)
  3 hungry ghosts
  A human (D:10)
  Eustachio (D:6)
  2 wargs (D:10)
  Menkaure (D:5)
  Edmund (D:4)
  An orc warrior (D:9)
  3 porcupines (D:8)
  4 ice beasts
  2 sky beasts
  4 black bears (D:8)
  2 necrophages
  2 phantoms (D:9)
  2 centaurs
  An eye of draining (D:10)
  3 ogres
  A crocodile (D:10)
  Blork the orc (D:5)
  2 big kobolds
  6 bullfrogs
  A wyvern skeleton (D:7)
  24 killer bees
  5 scorpions
  3 wights (D:10)
  7 howler monkeys
  3 crimson imps
  A centaur zombie (D:5)
  A quasit (D:9)
  2 hounds
  A bullfrog zombie (D:10)
  A jelly (D:6)
  Crazy Yiuf (D:5)
  2 orc priests
  A centaur skeleton (D:9)
  A gnoll shaman (D:5)
  3 orc wizards
  3 iguanas
  2 worker ants
  2 hound zombies
  A hound skeleton (D:9)
  2 howler monkey zombies (D:5)
  Robin (D:4)
  10 gnolls
  A howler monkey skeleton (D:10)
  15 adders
  3 river rats (D:6)
  2 shadow imps
  4 oozes
  An adder skeleton (D:6)
  An adder zombie (D:5)
  6 worms
  5 dart slugs
  10 leopard geckos
  16 orcs
  4 ball pythons
  5 giant cockroaches
  14 goblins
  15 hobgoblins
  4 jackals
  2 quokkas
  9 bats
  4 frilled lizards
  24 kobolds
  A leopard gecko zombie (D:5)
  17 rats
310 creatures vanquished.

Vanquished Creatures (others)
  25 fungi (D:8)
  7 plants (D:8)
32 creatures vanquished.

Grand Total: 342 creatures vanquished

Notes
Turn   | Place    | Note
-------+----------+-------------------------------------------
     0 | D:1      | Eurus the Mummy Conjurer began the quest for the Orb.
     0 | D:1      | Reached XP level 1. HP: 13/13 MP: 4/4
   282 | D:1      | Reached skill level 3 in Spellcasting
   293 | D:1      | Reached XP level 2. HP: 15/20 MP: 1/6
   309 | D:1      | Learned a level 2 spell: Searing Ray
   470 | D:1      | Reached skill level 1 in Fighting
   471 | D:1      | HP: 1/21 [rat (2)]
  1161 | D:1      | Reached XP level 3. HP: 26/26 MP: 7/7
  1631 | D:2      | Reached skill level 1 in Shields
  1735 | D:2      | Reached XP level 4. HP: 25/32 MP: 4/9
  2085 | D:2      | Reached skill level 4 in Spellcasting
  2640 | D:2      | Reached XP level 5. HP: 37/37 MP: 5/11
  2773 | D:3      | Found a shimmering altar of Xom.
  2775 | D:3      | Found a glowing golden altar of the Shining One.
  2781 | D:3      | Found an iron altar of Okawaru.
  2839 | D:3      | Found a stormy altar of Qazlal.
  3147 | D:3      | Found an ornate altar of the Wu Jian Council.
  3250 | D:3      | Noticed a black bear
  3754 | D:3      | Found a blossoming altar of Fedhas.
  4071 | D:4      | Found a staircase to the Ecumenical Temple.
  4088 | D:4      | Noticed Robin
  4092 | Temple   | Entered the Ecumenical Temple
  4203 | D:3      | Reached skill level 5 in Spellcasting
  4203 | D:3      | Reached XP level 6. HP: 19/43 MP: 1/13
  4419 | D:4      | Killed Robin
  4719 | D:4      | Noticed Sigmund
  4851 | D:4      | Found an ancient bone altar of Kikubaaqudgha.
  4925 | D:4      | Noticed Edmund
  4965 | D:5      | Entered Level 5 of the Dungeon
  4965 | D:5      | Noticed an ice beast
  5033 | D:5      | Found Usopn's General Store.
  5309 | D:5      | Found a transporter.
  5317 | D:5      | Found a transporter.
  5328 | D:5      | Noticed kroki's ghost (novice GnFi)
  5338 | D:5      | Reached XP level 7. HP: 45/48 MP: 7/15
  5398 | D:5      | Reached skill level 6 in Spellcasting
  5398 | D:5      | Reached skill level 5 in Conjurations
  5654 | D:5      | Noticed Menkaure
  5983 | D:5      | Noticed Blork the orc
  5988 | D:5      | Killed Blork the orc
  6222 | D:5      | Reached skill level 7 in Spellcasting
  6222 | D:5      | Reached XP level 8. HP: 54/54 MP: 11/18
  6247 | D:5      | Found a runed translucent door.
  6248 | D:5      | Noticed Crazy Yiuf
  6255 | D:5      | Killed Crazy Yiuf
  6488 | D:6      | Reached skill level 1 in Staves
  6495 | D:6      | Found a glowing drain.
  6506 | Sewer    | Entered a sewer
  6970 | D:6      | Found Ephoskur's Gadget Shop.
  7168 | D:6      | Noticed Prince Ribbit
  7240 | D:6      | Noticed Eustachio
  7245 | D:6      | Killed Eustachio
  7315 | D:6      | Killed Prince Ribbit
  7315 | D:6      | Reached skill level 8 in Spellcasting
  7745 | D:5      | Killed Menkaure
  7745 | D:5      | Reached XP level 9. HP: 59/59 MP: 16/21
  8072 | D:4      | Killed Edmund
  8273 | D:7      | Noticed Joseph
  8308 | D:7      | Found a white marble altar of Elyvilon.
  8814 | D:7      | Killed Joseph
  8814 | D:7      | Reached skill level 5 in Staves
  8814 | D:7      | Reached skill level 9 in Spellcasting
  9204 | D:8      | Found a shattered altar of Ashenzari.
  9253 | D:8      | Became a worshipper of Ashenzari the Shackled
  9405 | D:8      | Found a staircase to the Lair.
  9701 | D:8      | Reached skill level 10 in Spellcasting
  9701 | D:8      | Reached XP level 10. HP: 64/65 MP: 15/24
 10045 | D:8      | Found a bloodstained altar of Trog.
 11883 | D:9      | Reached skill level 1 in Evocations
 12078 | D:10     | Entered Level 10 of the Dungeon
 12176 | D:10     | Reached skill level 11 in Spellcasting
 12646 | D:10     | Learned a level 4 spell: Iskenderun's Mystic Blast
 12858 | D:10     | Reached XP level 11. HP: 59/75 MP: 19/26
 12862 | D:10     | Reached skill level 1 in Translocations
 13365 | D:10     | Reached * piety under Ashenzari
 14158 | D:10     | Found a staircase to the Orcish Mines.
 14616 | D:11     | Noticed a white ugly thing
 14824 | D:11     | Hit by a large rock thrown by a cyclops

Levels and vault maps discovered:
D:1:      elethiomel_arrival_infinity_welcomes_careful_drivers, layout_basic
D:2:      layout_basic, first_ration
D:3:      layout_basic, lemuel_doored_altar, nicolae_overflow_crystal_walls,
          gammafunk_temple_overflow_forgotten, kennysheep_okawaru_gauntlet,
          minmay_distorted
D:4:      layout_rooms, lemuel_round_altar, minmay_temple_entry_waves,
          sigmund_edmund_badplayer, uniq_robin, uniq_edmund
D:5:      layout_basic, serial_shops, shop, gammafunk_ghost_stat_death,
          minivault_24, uniq_crazy_yiuf_cottage, uniq_menkaure,
          uniq_blork_the_orc
D:6:      layout_gridville, serial_shops, shop, lightli_sewer_entry_pipes,
          uniq_eustachio, uniq_prince_ribbit1, uniq_sigmund
D:7:      layout_basic, basic_altar, uniq_joseph
D:8:      layout_loops_ring, lemuel_crystal_altar,
          ashenzari_conservatory_becter, due_lair_maze_entry_diamond
D:9:      layout_cave_pods, special_room [special_room_bee]
D:10:     layout_irregular_city, david_orc_3, grunt_livestock
D:11:     layout_cave_pools, gammafunk_ghost_berserking_beasts, roderic_batcave,
          kennysheep_small_square
Temple:   nicolae_temple_god_jail

Skill      XL: |  1  2  3  4  5  6  7  8  9 10 11 |
---------------+----------------------------------+-----
Spellcasting   | 3 4 5 7 8 10 11 | 11.0
Fighting       | 1 3 4 |  4.7
Shields        | 1 2 3 4 |  4.0
Conjurations   | 4 5 6 7 8 9 |  9.1
Staves         | 4 5 7 |  7.0
Evocations     | 2 3 |  3.7
Translocations | 2 |  2.8
Dodging        | |  1.5
Stealth        | |  1.5

Action                   |  1- 3 |  4- 6 |  7- 9 | 10-12 || total
-------------------------+-------+-------+-------+-------++-------
Melee: Club              |    46 |       |       |       ||    46
       Unarmed           |     3 |       |       |       ||     3
       Short sword       |    20 |    93 |    13 |       ||   126
       Quarterstaff      |       |       |   122 |    49 ||   171
 Cast: Magic Dart        |    38 |    51 |    52 |    82 ||   223
       Searing Ray       |     4 |    27 |    58 |    69 ||   158
Invok: Curse Item        |       |       |       |     1 ||     1
  Use: Scroll            |       |     7 |     1 |       ||     8
 Stab: Sleeping          |     5 |     2 |       |       ||     7
       Distracted        |       |       |     1 |       ||     1
       Confused          |       |       |       |     1 ||     1
Armor: Robe              |    18 |    61 |     9 |       ||    88
       Leather armour    |       |       |    77 |   107 ||   184
Dodge: Dodged            |    60 |   114 |   146 |   124 ||   444

Table legend:
 A = Non-vault XP
 B = Vault XP
 C = Vault XP percentage of total XP
 D = Non-vault monster count
 E = Vault monster count
 F = Vault count percentage of total count
                 A         B        C        D         E       F
            +---------+---------+-------+---------+---------+-------
      Total |   10157 |    5872 |  36.6 |     210 |     100 |  32.3
            +---------+---------+-------+---------+---------+-------
        D:1 |      74 |       0 |   0.0 |      29 |       0 |   0.0
        D:2 |     161 |       0 |   0.0 |      25 |       0 |   0.0
        D:3 |     182 |       3 |   1.6 |      25 |       2 |   7.4
        D:4 |     135 |     195 |  59.1 |      10 |      10 |  50.0
        D:5 |     864 |     310 |  26.4 |      19 |       3 |  13.6
        D:6 |     774 |     548 |  41.5 |      22 |      13 |  37.1
        D:7 |     246 |     445 |  64.4 |       7 |       1 |  12.5
        D:8 |     941 |    1323 |  58.4 |      19 |      10 |  34.5
        D:9 |    1104 |    1480 |  57.3 |      14 |      20 |  58.8
       D:10 |    5676 |    1431 |  20.1 |      40 |      15 |  27.3
     Temple |       0 |       4 | 100.0 |       0 |       2 | 100.0
      Sewer |       0 |     133 | 100.0 |       0 |      24 | 100.0
            +---------+---------+-------+---------+---------+-------
